 Dungeon Crawl Stone Soup version 0.30-b1-2-g02819fbbbe (webtiles) character file.

Game seed: 10563387302248834047

84 Alarkh the Insei (level 4, 0/23 (35) HPs)
             Began as a Demonspawn Chaos Knight on May 21, 2023.
             Was a Plaything of Xom.
             Slain by a jelly (3 damage)
             ... on level 2 of the Dungeon.
             The game lasted 00:02:44 (1863 turns).

Alarkh the Insei (Demonspawn Chaos Knight)          Turns: 1863, Time: 00:02:44

HP:   0/23 (35)     AC: -6    Str: 12    XL:     4   Next: 23%
MP:   4/4           EV: 11    Int: 15    God:    Xom [..*...]
Gold: 192           SH:  0    Dex: 13    Spells: 3/3 levels left

rFire   . .          .
                       - Unarmed
rCold   . . .        (no shield)
rNeg    . . .        a - +2 leather armour
rPois   .            (no helmet)
rElec   .            m - scarf {+Inv}
rCorr   .            (no gloves)
SInv    .            (no boots)
Will    .....        (no amulet)
Stlth   +            (no ring)
HPRegen 0.23/turn    (no ring)
MPRegen 0.09/turn

%: no passive effects
@: brilliant, corroded, attractive, very heavily drained
A: claws 1, sturdy frame 1
a: Renounce Religion, Evoke Invisibility


You were on level 2 of the Dungeon.
You worshipped Xom.
You were a toy of Xom.
You visited 1 branch of the dungeon, and saw 3 of its levels.

You collected 192 gold pieces.

Inventory:

Hand Weapons
 q - the +1 rapier of Plague {spect, Dex+3}
   (You found it on level 2 of the Dungeon)

   Dex:       It affects your dexterity (+3).
Armour
 a - a +2 leather armour (worn)
 g - a +0 chain mail
 m - a scarf of invisibility (worn)
Scrolls
 c - a scroll of vulnerability {unknown}
 d - a scroll of amnesia {unknown}
 e - a scroll of teleportation {unknown}
 k - a scroll of enchant armour {unknown}
 n - a scroll of silence {unknown}
 p - a scroll of fog {unknown}
Potions
 h - a potion of curing
 j - a potion of mutation {unknown}
 l - a potion of attraction
 o - a potion of haste {unknown}
Miscellaneous
 b - a piece from Xom's chessboard (14/15) (quivered)


   Skills:
 - Level 3.0 Fighting
 - Level 1.7 Armour
 - Level 0.8 Dodging
 * Level 4.6 Unarmed Combat
 + Level 0.4 Evocations


You had 3 spell levels left.
You didn't know any spells.
Your spell library contained the following spells:

 Spells                   Type           Power      Damage    Failure   Level
 Blink                    Tloc           0%         N/A       38%         2
 Lesser Beckoning         Tloc           0%         N/A       38%         2
 Momentum Strike          Conj/Tloc      0%         3d8       38%         2
 Leda's Liquefaction      Hex/Erth       0%         N/A       95%         4
 Lee's Rapid Deconstruct  Erth           0%         3d4*      100%        5
 Statue Form              Tmut/Erth      0%         N/A       100%        6


Dungeon Overview and Level Annotations

Branches:
Dungeon (3/15)

Altars:
Nemelex Xobeh


Innate Abilities, Weirdness & Mutations

You have sharp fingernails.
Your movements are slightly less encumbered by armour. (ER -2)


Message History

The jelly hits you.
You are splashed with acid!
A shower of butterflies erupts from you!
You climb upwards.
Your summoned allies are left behind.
There is a stone staircase leading down here.
Okay, then.
Okay, then.
The jelly attacks as you move away! The jelly hits you. The acid corrodes you!
You are splashed with acid!
* * * LOW HITPOINT WARNING * * *
The jelly stops glowing.
You feel much better. The jelly hits you. The acid corrodes you!
You are splashed with acid!
Okay, then.
The jelly attacks as you move away! The jelly barely misses you.
The jelly attacks as you move away! The jelly hits you. The acid corrodes you!
You are splashed with acid.
The jelly attacks as you move away! The jelly hits you.
You are splashed with acid!
* * * LOW HITPOINT WARNING * * *
Okay, then.
You feel much better.
Xom smirks.
You detect nothing.
The jelly hits you.
You are splashed with acid!
It was a potion of attraction.
You feel attractive to monsters.
Xom roars with laughter!
The jelly barely misses you.
It was a potion of curing.
You feel better. The jelly misses you.
It was a potion of brilliance.
You feel clever all of a sudden.
Xom roars with laughter!
The jelly hits you.
You are splashed with acid!
Okay, then.
You feel drained.
You fail to use your ability.
The jelly hits you. The acid corrodes you!
You are splashed with acid!
* * * LOW HITPOINT WARNING * * *
You feel drained.
You fail to use your ability.
The jelly misses you.
You feel drained.
You fail to use your ability.
The jelly hits you.
You die...
Xom is highly amused!

#.##.#.# ########.##.#.#
#......#.##.#.##########
#.....>#.##.#.#.........
#......#.##.#.#.####.###
#........##.#.#.# #.###
#......####.#.#.####.#<.
#############.######.#.#....#.###
................@....#.####.#....
#############.###J####.####.#####
########.#......#...........
#.....##.###.#.........#####
#.....##.# #.#...........#..
#.....##.# #.#...#######.#..
#.....##.###.#...# #.##.
######.....##.#.......#######....
.................>#.#.#..........


You could see a jelly.

Vanquished Creatures
  3 adders (D:2)
  A worm (D:2)
  A dart slug (D:1)
  6 endoplasms
  A giant cockroach (D:1)
  3 goblins (D:1)
  4 hobgoblins (D:1)
  7 jackals
  A quokka (D:1)
  2 ball pythons
  4 bats (D:1)
  6 frilled lizards
  6 kobolds
  6 rats
51 creatures vanquished.

Notes
Turn   | Place    | Note
-------+----------+-------------------------------------------
     0 | D:1      | Alarkh the Demonspawn Chaos Knight began the quest for the
                  | Orb.
     0 | D:1      | Reached XP level 1. HP: 18/18 MP: 1/1
   109 | D:1      | Reached skill level 3 in Unarmed Combat
   121 | D:1      | Gained mutation: You have sharp fingernails. [demonic
                  | ancestry]
   121 | D:1      | Reached XP level 2. HP: 15/24 MP: 2/2
   199 | D:1      | XOM: potion effect (attraction)
   514 | D:1      | Gained mutation: Your movements are slightly less
                  | encumbered by armour. (ER -2) [demonic ancestry]
   514 | D:1      | Reached XP level 3. HP: 29/29 MP: 3/3
   658 | D:1      | Reached skill level 4 in Unarmed Combat
   680 | D:1      | XOM: divination: magic mapping
  1048 | D:2      | Identified the +1 rapier of Plague {spect, Dex+3}
  1221 | D:2      | You fall into a shaft and drop 1 floor!
  1302 | D:2      | XOM: smoke on damage
  1305 | D:2      | XOM: confuse monster(s)
  1469 | D:2      | Reached XP level 4. HP: 35/35 MP: 4/4
  1524 | D:2      | XOM: silly message
  1556 | D:2      | Found a sparkling altar of Nemelex Xobeh.
  1572 | D:2      | XOM: potion effect (attraction)
  1575 | D:2      | XOM: divination: magic mapping
  1846 | D:3      | XOM: butterfly on damage
  1857 | D:2      | XOM: divination: detect creatures
  1863 | D:2      | Slain by a jelly

Illustrated notes

Levels and vault maps discovered:
D:1:      lightli_arrival_windingriver, layout_loops_ring,
          chequers_serial_rivers_micro_c
D:2:      layout_basic, basic_altar
D:3:      layout_basic, hangedman_decor_lopped, uniq_natasha, uniq_sigmund

Skill      XL: |  1  2  3 |
---------------+----------+-----
Unarmed Combat | 3 4 |  4.6
Fighting       | |  3.0
Armour         | |  1.7
Dodging        | |  0.8
Evocations     | |  0.4

Action                     |  1- 3 |  4- 6 || total
---------------------------+-------+-------++-------
  Melee: Unarmed           |   146 |    11 ||   157
         Punch             |     4 |       ||     4
  Evoke: Piece from Xom's  |       |     1 ||     1
    Use: Potion            |       |     6 ||     6
   Stab: Sleeping          |     2 |       ||     2
         Confused          |     1 |       ||     1
 Armour: Leather armour    |    45 |     2 ||    47
  Dodge: Dodged            |    81 |     7 ||    88
